Map: Cyber Forest LE

Players

Frobie

  • Race: Terran Terran
  • League: Grandmaster
  • Spawn Location: 5:00

Cheater 2 (Insane) - Winner!

  • Race: Protoss Protoss
  • Spawn Location: 11:00

VOD

Have the link to the VOD?

Description

Time

  • Played on: April 24, 2019, 10:13 a.m.
  • Length: 13:15
Show
View Real Time Build Order
Export as new Build Order

Frobie Terran 

Build Orders: Liberator Opening, Reaper Expand, Mech 

Get SALT Encoding   

  12  0:00  SCV  
  13  0:12  SCV  
  14  0:17  Supply Depot  
  14  0:24  SCV  
  15  0:38  SCV  
  15  0:40  Barracks  
  16  0:44  Refinery  
  16  0:50  SCV  
  17  1:02  SCV  
  18  1:14  SCV  
  19  1:29  Reaper, Orbital Command  
  20  1:42  Command Center  
  20  1:50  Supply Depot  
  20  1:56  SCV  
  20  2:01  Marine  
  22  2:07  Factory  
  22  2:11  SCV  
  23  2:17  Refinery  
  23  2:23  Barracks Reactor  
  23  2:25  SCV  
  24  2:37  SCV  
  25  2:49  SCV  
  26  2:53  Starport  
  26  2:55  Widow Mine  
  28  2:59  Orbital Command  
  28  3:01  Marine x2, SCV  
  31  3:13  SCV  
  31  3:16  Widow Mine  
  31  3:19  Marine x2  
  36  3:25  SCV  
  36  3:26  SCV  
  38  3:28  Supply Depot  
  38  3:29  Medivac  
  40  3:37  SCV  
  40  3:38  Widow Mine, Marine  
  40  3:39  Marine  
  45  3:45  Liberator, Supply Depot  
  45  3:47  SCV  
  46  3:50  SCV  
  46  3:53  Supply Depot  
  46  3:55  Supply Depot  
  47  3:59  SCV  
  47  4:01  Factory Tech Lab  
  51  4:05  Engineering Bay  
  51  4:06  SCV  
  52  4:10  Marine x2  
  52  4:12  SCV  
  52  4:15  Supply Depot  
  55  4:18  SCV  
  55  4:23  Siege Tank  
  59  4:25  SCV  
  59  4:28  Liberator  
  59  4:31  SCV  
  61  4:33  Marine x2, Supply Depot  
  61  4:37  SCV  
  64  4:43  SCV  
  68  4:51  SCV  
  68  4:55  SCV  
  69  5:00  Command Center  
  69  5:03  SCV  
  69  5:04  Refinery  
  69  5:05  Refinery  
  72  5:08  Siege Tank  
  72  5:09  Marine x2  
  75  5:14  SCV  
  75  5:18  SCV  
  77  5:26  SCV  
  78  5:29  Marine x2  
  78  5:30  SCV  
  81  5:37  Starport Tech Lab  
  81  5:38  SCV  
  81  5:42  SCV  
  83  5:45  Factory  
  83  5:47  Marine x2, Factory, Supply Depot x3  
  85  5:50  SCV  
  85  5:51  Siege Tank  
  85  5:54  SCV  
  90  6:02  SCV  
  91  6:08  SCV  
  92  6:14  SCV  
  93  6:18  Barracks Reactor  
  93  6:20  SCV  
  93  6:24  Bunker  
  94  6:27  Factory, SCV  
  94  6:28  Factory, Viking  
  97  6:33  SCV  
  97  6:37  Orbital Command  
  97  6:39  Siege Tank, SCV  
  102  6:45  SCV  
  103  6:51  SCV  
  108  6:54  Refinery x2, Hellion x2  
  108  6:56  Siege Tank  
  108  6:59  Infernal Pre-Igniter  
  108  7:01  SCV  
  112  7:03  SCV  
  112  7:04  Supply Depot  
  112  7:06  SCV, Supply Depot  
  114  7:13  SCV  
  114  7:14  Supply Depot  
  114  7:15  Factory Tech Lab, Factory Reactor, SCV  
  115  7:16  Viking  
  115  7:19  SCV  
  115  7:20  Supply Depot  
  119  7:25  Siege Tank  
  119  7:26  Hellion x2  
  119  7:28  SCV  
  127  7:31  Missile Turret  
  127  7:33  Siege Tank  
  127  7:34  Hellion, SCV  
  127  7:35  SCV, Supply Depot  
  134  7:38  Supply Depot  
  134  7:40  SCV  
  134  7:42  Viking  
  137  7:45  Supply Depot  
  137  7:46  Viking  
  137  7:47  Hellion, SCV x2  
  143  7:53  Hellion x2  
  143  7:54  Hellion  
  143  7:55  Siege Tank  
  152  8:03  Armory, Hellion  
  152  8:04  Armory  
  152  8:05  Hellion  
  153  8:09  Supply Depot  
  153  8:10  Supply Depot  
  142  8:14  Command Center  
  142  8:19  Hellion  
  144  8:23  Viking  
  144  8:24  Siege Tank  
  149  8:28  Siege Tank  
  149  8:29  Hellion, Supply Depot  
  149  8:30  Hellion  
  156  8:34  Siege Tank  
  156  8:35  Hellion  
  156  8:41  Hellion  
  163  8:49  Sensor Tower  
  163  8:50  Hellion  
  163  8:51  Terran Vehicle Weapons Level 1  
  163  8:53  Terran Vehicle And Ship Armor Level 1  
  163  8:55  Missile Turret x2  
  165  8:57  Siege Tank, Hellion x2  
  165  9:01  Hellion  
  165  9:02  Supply Depot  
  174  9:05  Hellion  
  174  9:06  Siege Tank  
  179  9:28  SCV x3  
  182  9:33  Siege Tank x2, Hellion x2  
  182  9:34  Hellion x2  
  196  9:38  Siege Tank  
  196  9:42  Refinery  
  196  9:44  Refinery  
  199  9:48  Sensor Tower  
  199  9:55  Planetary Fortress  
  195  10:26  Siege Tank x2  
  195  10:27  Hellion x2  
  172  10:28  Siege Tank  
  172  10:29  Hellion x2, Viking x2  
  154  10:38  Factory x2  
  154  10:39  Factory  
  154  10:41  Factory  
  130  10:46  SCV x3  
  130  10:48  Hellion x2  
  134  10:50  Hellion x2  
  134  10:54  SCV  
  139  10:58  Siege Tank  
  139  10:59  Hellion  
  139  11:00  Siege Tank, SCV x3, Command Center  
  150  11:09  Hellion x2  
  154  11:11  Hellion x2  
  158  11:26  Siege Tank  
  158  11:29  Factory Tech Lab x3  
  158  11:30  Siege Tank, Factory Tech Lab  
  164  11:33  Siege Tank  
  167  11:40  Command Center  
  167  11:44  Widow Mine x4  
  175  11:59  Widow Mine  
  177  12:02  Thor x2  
  177  12:03  Widow Mine  
  177  12:05  Widow Mine x2  
  177  12:06  Widow Mine x2  
  183  12:30  Siege Tank x4, Hellion x2  
  183  12:31  Hellion x3  
  181  12:45  Hellion x2, Viking x2  
  189  12:52  Hellion x3  
Show
View Real Time Build Order
Export as new Build Order

Cheater 2 (Insane) Protoss - Winner!

Build Orders: 1 Gate Expand, Archon Immortal, Colossus Rush 

Get SALT Encoding   

  12  0:00  Probe  
  13  0:13  Probe  
  14  0:20  Pylon  
  14  0:25  Probe  
  15  0:34  Probe  
  15  0:41  Assimilator  
  15  0:42  Probe  
  16  0:46  Gateway  
  17  0:52  Pylon, Probe  
  18  1:00  Probe  
  18  1:08  Probe  
  20  1:19  Probe  
  21  1:27  Nexus  
  21  1:31  Probe  
  22  1:37  Cybernetics Core  
  22  1:43  Probe, Zealot  
  25  1:55  Probe  
  26  2:03  Probe  
  26  2:08  Pylon  
  27  2:11  Probe  
  27  2:13  Stalker, Warp Gate  
  27  2:15  Gateway  
  30  2:17  Assimilator  
  30  2:21  Probe  
  30  2:27  Pylon  
  31  2:33  Probe  
  31  2:35  Probe  
  32  2:42  Adept  
  32  2:43  Probe  
  35  2:45  Probe  
  35  2:47  Robotics Facility  
  37  2:53  Probe  
  37  2:58  Probe  
  39  3:02  Adept  
  39  3:03  Adept  
  39  3:05  Probe  
  42  3:10  Probe  
  45  3:17  Probe  
  46  3:22  Probe, Forge  
  47  3:29  Probe  
  47  3:32  Adept  
  47  3:33  Adept  
  53  3:34  Probe  
  53  3:35  Observer, Gateway  
  53  3:38  Probe  
  54  3:42  Robotics Bay  
  54  3:45  Pylon  
  54  3:46  Probe x2  
  56  3:50  Robotics Facility  
  56  3:53  Pylon  
  57  3:58  Photon Cannon, Probe  
  57  3:59  Photon Cannon  
  57  4:02  Pylon  
  58  4:03  Probe  
  58  4:09  Adept  
  61  4:10  Probe  
  61  4:11  Stalker  
  64  4:22  Pylon  
  64  4:24  Gateway  
  64  4:28  Colossus  
  64  4:29  Zealot, Stalker  
  74  4:31  Pylon  
  74  4:33  Zealot  
  74  4:36  Colossus  
  82  4:48  Pylon, Zealot  
  82  4:49  Extended Thermal Lance  
  82  4:52  Probe, Zealot  
  87  4:53  Probe  
  76  5:04  Probe  
  76  5:05  Probe  
  78  5:13  Colossus, Probe  
  78  5:17  Probe  
  78  5:21  Probe  
  80  5:23  Stalker  
  87  5:29  Probe  
  87  5:30  Stalker  
  87  5:31  Probe  
  87  5:34  Forge  
  91  5:41  Probe  
  92  5:43  Probe  
  92  5:45  Sentry  
  92  5:48  Pylon  
  95  5:54  Probe  
  95  5:55  Probe  
  97  6:01  Twilight Council, Nexus  
  97  6:03  Assimilator  
  97  6:05  Assimilator  
  97  6:06  Probe  
  97  6:07  Probe  
  97  6:08  Pylon  
  99  6:14  Gateway  
  99  6:18  Photon Cannon, Probe  
  100  6:20  Warp Prism  
  100  6:23  Warp Prism  
  102  6:25  Probe  
  102  6:28  Photon Cannon  
  102  6:30  Probe  
  102  6:31  Pylon  
  106  6:37  Stalker  
  106  6:38  Probe  
  109  6:40  Stalker  
  109  6:42  Probe  
  109  6:43  Stalker  
  109  6:45  Templar Archives  
  114  6:49  Sentry  
  114  6:51  Protoss Ground Weapons Level 1  
  114  6:53  Pylon  
  116  6:55  Photon Cannon  
  116  6:56  Warp Prism  
  116  6:57  Photon Cannon  
  118  7:04  Pylon  
  118  7:08  Pylon, Zealot  
  118  7:09  Probe  
  118  7:10  Pylon  
  118  7:13  Probe  
  118  7:14  Probe  
  123  7:16  Protoss Ground Armor Level 1  
  123  7:17  Probe  
  123  7:19  Pylon  
  123  7:20  Assimilator  
  123  7:22  High Templar x3  
  128  7:24  Pylon, Nexus  
  128  7:25  Assimilator  
  128  7:26  Probe x2  
  128  7:27  Probe  
  128  7:28  Pylon  
  128  7:29  Immortal  
  137  7:33  Immortal, Archon  
  141  7:38  Probe x2  
  141  7:39  Probe  
  141  7:42  High Templar  
  146  7:50  Probe x2, Gateway  
  148  7:51  Photon Cannon  
  148  7:52  Probe, High Templar  
  148  7:53  Photon Cannon  
  148  7:54  Psionic Storm  
  151  8:02  Probe  
  151  8:03  Probe  
  151  8:04  Probe  
  154  8:08  Immortal  
  154  8:10  High Templar  
  154  8:12  Probe, Archon, Zealot, Stalker  
  164  8:13  Immortal  
  164  8:14  Probe  
  164  8:17  Probe  
  171  8:21  Zealot  
  171  8:25  Photon Cannon, Archon, High Templar  
  175  8:30  High Templar  
  177  8:35  Stalker  
  179  8:42  Sentry, Archon, High Templar  
  179  8:43  High Templar  
  179  8:44  Assimilator  
  179  8:45  Nexus  
  179  8:47  Pylon  
  179  8:48  Observer  
  186  8:49  Gateway  
  186  8:50  High Templar  
  186  8:52  Observer  
  186  8:55  Assimilator  
  189  8:57  Photon Cannon, Charge  
  189  9:00  Immortal  
  189  9:02  Zealot, Archon, Stalker  
  191  9:05  Stalker  
  191  9:07  Photon Cannon  
  199  9:10  Pylon  
  199  9:19  Forge  
  199  9:22  Colossus  
  199  9:24  Colossus, Protoss Ground Weapons Level 2  
  199  9:32  Photon Cannon  
  199  9:35  Photon Cannon  
  199  9:39  Photon Cannon  
  199  9:41  Robotics Facility  
  199  9:45  Stargate  
  199  9:48  Protoss Shields Level 1  
  199  9:55  Protoss Ground Armor Level 2  
  199  10:04  Assimilator  
  199  10:06  Pylon  
  199  10:07  Assimilator, Nexus  
  199  10:10  Photon Cannon  
  199  10:16  Immortal  
  199  10:18  High Templar  
  199  10:20  Stalker  
  199  10:21  Stalker x2  
  199  10:22  Immortal, Stalker  
  199  10:23  Stalker  
  199  10:25  Stalker  
  199  10:28  Photon Cannon  
  167  10:29  Immortal  
  167  10:32  Pylon  
  121  10:43  Adept, Stalker  
  121  10:44  Zealot  
  121  10:45  Sentry  
  121  10:46  Adept  
  121  10:47  Zealot  
  117  10:51  High Templar  
  117  10:52  Immortal  
  117  10:53  Photon Cannon  
  117  10:55  Photon Cannon  
  123  11:01  Immortal  
  123  11:02  Adept  
  123  11:04  Stalker  
  131  11:06  Sentry, High Templar  
  131  11:07  Archon, High Templar  
  131  11:08  Immortal, Stalker  
  131  11:11  Photon Cannon  
  143  11:15  High Templar  
  143  11:16  Archon  
  145  11:22  Stalker  
  145  11:23  High Templar  
  149  11:27  High Templar  
  149  11:29  Archon  
  149  11:31  Immortal, High Templar  
  157  11:32  Assimilator  
  157  11:33  Sentry  
  157  11:34  Pylon  
  157  11:38  Zealot  
  157  11:39  Assimilator, Archon  
  161  11:41  Immortal  
  161  11:42  High Templar  
  161  11:43  Photon Cannon  
  161  11:45  Zealot  
  161  11:47  Warp Prism  
  169  11:52  Stalker  
  169  11:53  Adept  
  175  11:55  Zealot  
  175  11:56  Photon Cannon  
  175  11:57  Stalker  
  175  11:58  Adept  
  175  12:00  Pylon  
  181  12:05  Zealot  
  183  12:10  Immortal  
  183  12:12  Adept  
  183  12:13  High Templar x2  
  193  12:17  Sentry, Archon, Stalker  
  193  12:18  High Templar  
  199  12:24  Warp Prism x2  
  199  12:26  Stalker  
  199  12:29  Photon Cannon  
  171  12:32  Sentry  
  171  12:33  Photon Cannon  
  171  12:36  Photon Cannon  
  119  12:40  Adept, Stalker x2  
  103  12:44  Stalker  
  103  12:45  Adept  
  103  12:47  Stalker  
  103  12:48  Stalker  
  115  12:54  Stalker  
  117  12:59  Stalker  
  117  13:03  Sentry  
  122  13:05  Adept  
  122  13:07  High Templar  
  122  13:08  Zealot  
  122  13:11  Stalker  
Tags
 
Add a new tag
Caveats
  • Supply blocks, unpowered buildings, or Contaminate may cause inaccurate times.
  • Supply counts are checked every 10 seconds.